AoeStats
← TuCAAA :D

Arabian Desert

509521381Analyzed
1v1 RM · 6d ago on Sep 27, 2026· 46m 0s· 2 players
Game mode
Random Map
Map size
Tiny (2 player)
Population
200
Speed
Normal
Resources
Standard
Victory
Conquest
Starting age
Dark Age
Ending age
Imperial Age
RankedLock teamsTeams togetherTeam positionsShared explorationLock speedFull tech treeHidden civsTurbo modeCheats
Victory
Defeat
🇺🇸 Vietnamese · United States
1134
+17
🇦🇷 Ethiopians · Argentina
1155
-17
VacaH8080
6:53 Loom
9:27 Feudal Age
9:35 Man-at-Arms
14:47 Fletching
17:05 Double-Bit Axe
19:26 Wheelbarrow
22:30 Castle Age
20:55 Horse Collar
21:32 Scale Barding Armor
21:23 Gold Mining
22:07 Bloodlines
23:41 Chain Barding Armor
24:14 Crossbowman
26:53 Husbandry
27:05 Bodkin Arrow
29:12 Forging
32:42 Town Watch
40:31 Bow Saw
43:46 Imperial Age
41:26 Padded Archer Armor
42:40 Ballistics
43:18 Leather Archer Armor
44:32 Bracer
45:47 Chemistry
44:58 Masonry
45:45 Light Cavalry
TuCAAA :D
7:04 Loom
9:33 Feudal Age
10:02 Double-Bit Axe
24:17 Castle Age
22:48 Fletching
23:01 Horse Collar
24:48 Wheelbarrow
24:26 Crossbowman
27:23 Padded Archer Armor
28:52 Bodkin Arrow
34:19 Forging
34:10 Scale Mail Armor
42:08 Imperial Age
39:52 Bow Saw
39:56 Gold Mining
40:39 Squires
43:06 Ballistics
43:03 Leather Archer Armor
44:28 Bracer
Connection lost

Rejoining the realm…

Still unreachable

The connection could not be restored.

Session expired

The server has moved on; the page needs a fresh start.